 Dungeon Crawl Stone Soup version 0.21-a0-243-g597973d (webtiles) character file.

163 Atlas the Digger (level 5, -6/39 HPs)
             Began as a Draconian Earth Elementalist on Sept 5, 2017.
             Mangled by an ogre
             ... wielding a +0 giant club
              (13 damage)
             ... on level 3 of the Dungeon.
             The game lasted 00:04:47 (2783 turns).

Atlas the Digger (Draconian Earth Elementalist)     Turns: 2783, Time: 00:04:48

Health: -6/39      AC:  6    Str: 10    XL:     5   Next: 20%
Magic:  2/10       EV: 12    Int: 16    God:
Gold:   92         SH:  0    Dex: 12    Spells: 5/11 levels left

rFire    . . .     SeeInvis .   l - -2 spear (curse)
rCold    . . .     Gourm    .   (no shield)
rNeg     . . .     Faith    .   (armour unavailable)
rPois    .         Spirit   .   (helmet restricted)
rElec    .         Reflect  .   (no cloak)
rCorr    .         Harm     .   (no gloves)
MR       .....                  m - +0 pair of boots
Stlth    ++........             (no amulet)
HPRegen  0.13/turn              (no ring)
MPRegen  0.12/turn              (no ring)

@: very slightly contaminated
A: unfitting armour, cold-blooded, AC +5
a: no special abilities


You were on level 3 of the Dungeon.
You were hungry.

You visited 1 branch of the dungeon, and saw 3 of its levels.

You collected 92 gold pieces.

Inventory:

Hand Weapons
 f - a +0 vampiric rapier
 l - a cursed -2 spear (weapon)
Armour
 m - a +0 pair of boots (worn)
Scrolls
 k - a scroll of fear
 q - a scroll of teleportation
Potions
 a - 2 potions of lignification {unknown}
 e - a potion of degeneration {unknown}
 h - a potion of curing {unknown}
 j - 2 potions of haste
 n - 2 potions of agility {unknown}
Books
 d - a book of Geomancy

   Spells                             Type                      Level
   a - Sandblast                      Earth                        1
   b - Passwall                       Transmutation/Earth          2
   c - Stone Arrow                    Conjuration/Earth            3
   d - Petrify                        Transmutation/Earth          4
   e - Lee's Rapid Deconstruction     Earth                        5
Comestibles
 b - 4 chunks of flesh
 c - a bread ration
 g - 3 meat rations
 i - a royal jelly
 r - 2 fruits


   Skills:
 + Level 0.7 Fighting
 + Level 2.1 Dodging
 - Level 1.8 Stealth
 + Level 3.6 Spellcasting
 + Level 0.4 Conjurations
 + Level 1.0 Transmutations
 + Level 4.4 Earth Magic


You had 5 spell levels left.
You knew the following spells:

 Your Spells              Type           Power        Failure   Level  Hunger
a - Sandblast             Erth           ###...       2%          1    None
b - Passwall              Tmut/Erth      ##........   9%          2    ##.....
c - Stone Arrow           Conj/Erth      ##....       19%         3    ###....


Dungeon Overview and Level Annotations

Branches:
Dungeon (3/15)

Altars:
The Shining One

Annotations:
D:2 Crazy Yiuf


Innate Abilities, Weirdness & Mutations

Your plain brown scales are hard. (AC +5)
You cannot fit into any form of body armour.
You are cold-blooded and may be slowed by cold attacks.


Message History

Ouch! That really hurt!
* * * LOW HITPOINT WARNING * * *
Casting: Stone Arrow
Confirm with . or Enter, or press ? or * to list all spells.
Aiming: Stone Arrow
Press: ? - help, Shift-Dir - straight line, f/p - ogre
Aim: an ogre, wielding a giant club (heavily wounded)
You miscast Stone Arrow.
You are very lightly contaminated with residual magic.
Your skin glows momentarily.
You see here a quokka skeleton.
The ogre misses you.
Casting: Stone Arrow
Confirm with . or Enter, or press ? or * to list all spells.
Aiming: Stone Arrow
Press: ? - help, Shift-Dir - straight line, f/p - ogre
Aim: an ogre, wielding a giant club (heavily wounded)
You miscast Stone Arrow.
Strange energies run through your body. The ogre hits you with a giant club!
You die...

#.#.###g#####.###
#.# #.#..g.)# #...
#.#
#.#.##############
#.#
#................#
#.#
###....#########.#
#.# ####.# #.# #.#
#.# #.# #.#
#O#########.###.#
#.@.÷...)<#...÷)#
#################


You could see an ogre.

Vanquished Creatures
  Terence (D:2)
  Natasha (twice) (D:3)
  2 gnolls (D:3)
  An adder (D:2)
  A dart slug (D:2)
  3 leopard geckos
  A giant cockroach (D:3)
  4 goblins
  8 hobgoblins
  9 jackals
  A quokka (D:3)
  6 bats
  3 frilled lizards (D:1)
  5 kobolds (D:1)
  6 rats
53 creatures vanquished.

Notes
Turn   | Place    | Note
-------+----------+-------------------------------------------
     0 | D:1      | Atlas the Draconian Earth Elementalist began the quest for the Orb.
     0 | D:1      | Reached XP level 1. HP: 14/14 MP: 3/3
   311 | D:1      | Reached XP level 2. HP: 14/20 MP: 1/5
  1077 | D:2      | Found a glowing golden altar of the Shining One.
  1200 | D:2      | Reached XP level 3. HP: 26/26 MP: 4/6
  1258 | D:2      | Found a runed door.
  1571 | D:2      | Reached skill level 4 in Earth Magic
  1604 | D:2      | Noticed Terence
  1609 | D:2      | Learned a level 2 spell: Passwall
  1613 | D:2      | Learned a level 3 spell: Stone Arrow
  1615 | D:2      | Killed Terence
  1615 | D:2      | Reached XP level 4. HP: 33/33 MP: 0/8
  1996 | D:2      | Noticed Crazy Yiuf
  2175 | D:3      | Noticed Natasha
  2185 | D:3      | Killed Natasha
  2353 | D:3      | Noticed Natasha
  2356 | D:3      | Killed Natasha
  2356 | D:3      | Reached XP level 5. HP: 39/39 MP: 0/10
  2746 | D:3      | Noticed an ogre
  2783 | D:3      | Mangled by an ogre

Vault maps used:
D:1:      dpeg_arrival_arbitrary_c
D:2:      tso_metal_star, uniq_crazy_yiuf_cottage, uniq_terence
D:3:      xom_teletrap_fun, uniq_natasha

Skill      XL: |  1  2  3  4 |
---------------+-------------+-----
Earth Magic    | 4 |  4.4
Dodging        | 2 |  2.1
Spellcasting   | 3 |  3.6
Fighting       | |  0.7
Stealth        | |  1.8
Conjurations   | |  0.4
Transmutations | |  1.0

Action                   |  1- 3 |  4- 6 || total
-------------------------+-------+-------++-------
Melee: Unarmed           |    16 |       ||    16
       Tailslap          |     5 |       ||     5
       Spear             |    29 |    18 ||    47
 Cast: Sandblast         |    50 |       ||    50
       Stone Arrow       |     1 |    19 ||    20
  Use: Scroll            |     7 |     1 ||     8
  Eat: Chunk             |     3 |     5 ||     8
Armor: Skin              |    25 |     7 ||    32
Dodge: Dodged            |    41 |    14 ||    55

Table legend:
 A = Spawn XP
 B = Non-spawn XP
 C = Spawn XP percentage of total XP
 D = Spawn monster count
 E = Non-spawn monster count
 F = Spawn count percentage of total count
 G = Total turns spent on level
                    A         B        C        D         E        F      G
               +---------+---------+-------+---------+---------+-------+---------
         Total |      16 |     217 |   6.9 |      11 |      42 |  20.8 |  2783
               +---------+---------+-------+---------+---------+-------+---------
           D:1 |      10 |      16 |  38.5 |       7 |      11 |  38.9 |   958
           D:2 |       6 |      87 |   6.5 |       4 |      20 |  16.7 |  1267
           D:3 |       0 |     114 |   0.0 |       0 |      11 |   0.0 |   558
               +---------+---------+-------+---------+---------+-------+---------
